 Dungeon Sprint DCSS version 0.22.1-1-ga44c0e56f4 (webtiles) character file.

2943 MuseOD the Unseen (level 9, 0/52 HPs)
             Began as a Spriggan Enchanter on Oct 3, 2018.
             Was an Elder of Dithmenos.
             Slain by Joseph
             ... wielding a +2 quarterstaff of freezing
              (6 damage)
             ... in the Dungeon (Sprint III: "The Ten Rune Challenge").
             The game lasted 00:04:28 (1182 turns).

MuseOD the Unseen (Spriggan Enchanter)              Turns: 1182, Time: 00:04:29

Health: 0/52       AC:  6    Str:  4    XL:     9   Next: 51%
Magic:  18/22      EV: 18    Int: 20    God:    Dithmenos [****..]
Gold:   24         SH:  0    Dex: 16    Spells: 15/24 levels left

rFire    . . .     SeeInvis +   a - +1 dagger
rCold    . . .     Gourm    .   (shield restricted)
rNeg     . . .     Faith    .   b - +0 robe
rPois    .         Spirit   .   (helmet restricted)
rElec    .         Reflect  .   (no cloak)
rCorr    .         Harm     .   (gloves unavailable)
MR       +....     NoTele   +   (boots unavailable)
Stlth    +++++++++.             (no amulet)
HPRegen  0.17/turn              (no ring)
MPRegen  0.18/turn              (no ring)

@: lethally poisoned (0 -> -19), wreathed by umbra, very quick
A: very small, unfitting armour, iridescent scales 1, thin metallic scales 1,
see invisible, herbivore, speed 3, slow metabolism 2
a: Shadow Step, Renounce Religion


You were in the Dungeon.
You worshipped Dithmenos.
Dithmenos was greatly pleased with you.
You were not hungry.

You visited 1 branch You collected 24 gold pieces.

Inventory:

Hand Weapons
 a - a +1 dagger (weapon)
Armour
 b - a +0 robe (worn)
Wands
 q - a wand of disintegration (13)
Scrolls
 j - a scroll of blinking
 l - 2 scrolls of immolation {unknown}
 m - 3 scrolls of identify
 n - 2 scrolls of remove curse
 p - a scroll of torment {unknown}
Potions
 c - 2 potions of cancellation {unknown}
 e - a potion of curing
 f - a potion of heal wounds
 g - a potion of haste
 h - 2 potions of magic
 i - 2 potions of berserk rage
 k - 4 potions of mutation
 o - 3 potions of flight
 r - a potion of might
 s - a potion of agility {unknown}
Comestibles
 d - 4 rations


   Skills:
 + Level 8.5 Fighting
 * Level 14.9 Short Blades
 - Level 3.0 Dodging
 + Level 15.5 Stealth
 + Level 8.2 Spellcasting
 + Level 8.4 Hexes


You had 15 spell levels left.
You knew the following spells:

 Your Spells              Type           Power        Failure   Level  Hunger
a - Corona                Hex            #####..      1%          1    None
b - Ensorcelled Hibernat  Hex/Ice        ####..       2%          2    None
c - Confuse               Hex            #####...     1%          3    None
d - Dazzling Spray        Conj/Hex       ####..       4%          3    None

Your spell library contained the following spells:

 Spells                   Type           Power        Failure   Level  Hunger
 Confusing Touch          Hex            #####.       1%          1    None
 Tukima's Dance           Hex            #####...     1%          3    None
 Animate Skeleton         Necr           N/A          9%          1    None
 Apportation              Tloc           #.....       9%          1    None
 Summon Small Mammal      Summ           #...         9%          1    None


Dungeon Overview and Level Annotations

Branches:
Dungeon (1/1)

Altars:
Dithmenos
Elyvilon
Kikubaaqudgha
Okawaru
Ru
Sif Muna
Trog
Uskayaw
Vehumet
Wu Jian
Yredelemnul
Zin
The Shining One
Beogh

Annotations:
D Harold, Joseph


Innate Abilities, Weirdness & Mutations

You are very small and have problems with some larger weapons.
You are too small for most types of armour.
You have supernaturally acute eyesight. (SInv)
You are a herbivore.
You cover ground extremely quickly.
You need to consume almost no food.
You are partially covered in iridescent scales. (AC +2)
You are partially covered in thin metallic scales. (AC +2)


Message History

You close the door.
You start resting.
HP restored.
You open the door.
Joseph, a Mercenary comes into view.
He is wielding a quarterstaff of freezing.
Aiming: Shadow Step
Press: ? - help, Dir - move target cursor, f - Joseph
Aim: Joseph, wielding a quarterstaff of freezing (resting, umbra)
You step into Joseph's shadow.
Harold the Weathered comes into view.
He is wielding a dire flail of Joseph shouts!
Harold shouts!
Harold gestures at you while chanting. The poison arrow hits you!
You are poisoned.
Ouch! That really hurt!
You emit a cloud of dark smoke.
Joseph hits you with a quarterstaff of freezing!
* * * LOW HITPOINT WARNING * * *
Joseph freezes you.
You die...

##.#.#.##.#))##......#
...#..#..##.)+.......#
▓▓▓▓▓▓▓▓▓▓▓▓▓#.......#
#.......# +.......#
#.......# ##'######
#.§§+ #§§@# #@§@#
#####


You could see Harold and Joseph.

Vanquished Creatures
  Erolcha (D)
  A deep elf mage (D)
  A shadow (D)
  2 redbacks (D)
  A necrophage (D)
  5 two-headed ogres (D)
  A scorpion (D)
  A jelly (D)
  Jessica (D)
  A wizard (D)
  A necromancer (D)
  A kobold demonologist (D)
  3 humans (D)
  2 oozes (D)
  A rat (D)
23 creatures vanquished.

Vanquished Creatures (others)
  2 draconian scorchers (D)
  6 hellions (D)
  2 yaktaurs (D)
10 creatures vanquished.

Grand Total: 33 creatures vanquished

Notes
Turn   | Place    | Note
-------+----------+-------------------------------------------
     0 | D        | MuseOD the Spriggan Enchanter began the quest for the Orb.
     0 | D        | Reached XP level 1. HP: 9/9 MP: 5/5
     9 | D        | Reached skill level 1 in Fighting
     9 | D        | Reached skill level 5 in Stealth
    11 | D        | Reached XP level 2. HP: 14/14 MP: 6/6
    15 | D        | Learned a level 2 spell: Ensorcelled Hibernation
    37 | D        | Noticed Jessica
    41 | D        | Killed Jessica
    41 | D        | Reached skill level 5 in Short Blades
    41 | D        | Reached skill level 6 in Stealth
    41 | D        | Reached XP level 3. HP: 19/19 MP: 8/8
    46 | D        | Learned a level 3 spell: Confuse
    49 | D        | Noticed a scorpion
    52 | D        | Killed a scorpion
    52 | D        | Reached skill level 8 in Stealth
    52 | D        | Reached XP level 4. HP: 24/24 MP: 9/9
    54 | D        | Killed a yaktaur
    71 | D        | Gained mutation: You are partially covered in iridescent
                  | scales. (AC +2) [potion of mutation]
    71 | D        | Gained mutation: You are partially covered in thin metallic
                  | scales. (AC +2) [potion of mutation]
    98 | D        | Killed a hellion
   100 | D        | Killed a hellion
   149 | D        | Killed a hellion
   150 | D        | Killed a hellion
   151 | D        | Killed a hellion
   199 | D        | Noticed a water elemental
   217 | D        | Killed a white draconian scorcher
   223 | D        | Found a basalt altar of Yredelemnul.
   223 | D        | Found a shadowy altar of Dithmenos.
   223 | D        | Found a sacrificial altar of Ru.
   223 | D        | Noticed a necrophage
   228 | D        | Killed a necrophage
   228 | D        | Reached skill level 9 in Stealth
   228 | D        | Reached XP level 5. HP: 30/30 MP: 3/10
   243 | D        | Reached skill level 10 in Stealth
   248 | D        | Became a worshipper of Dithmenos the Shadowed
   248 | D        | Killed a white draconian scorcher
   273 | D        | Killed a hellion
   323 | D        | Found a glowing silver altar of Zin.
   323 | D        | Found a glowing golden altar of the Shining One.
   323 | D        | Found a white marble altar of Elyvilon.
   323 | D        | Noticed a deep elf mage
   351 | D        | Found a hide-covered altar of Uskayaw.
   351 | D        | Found an iron altar of Okawaru.
   360 | D        | Killed a deep elf mage
   360 | D        | Reached skill level 12 in Stealth
   360 | D        | Reached XP level 6. HP: 18/37 MP: 1/11
   360 | D        | Reached XP level 7. HP: 20/41 MP: 1/12
   447 | D        | Learned a level 3 spell: Dazzling Spray
   524 | D        | Found a radiant altar of Vehumet.
   525 | D        | Found a deep blue altar of Sif Muna.
   525 | D        | Found an ancient bone altar of Kikubaaqudgha.
   528 | D        | Reached * piety under Dithmenos
   542 | D        | Found a roughly hewn altar of Beogh.
   542 | D        | Found a bloodstained altar of Trog.
   542 | D        | Found an ornate altar of the Wu Jian Council.
   542 | D        | Noticed a human
   542 | D        | Noticed a human
   545 | D        | Killed a human
   545 | D        | Reached skill level 13 in Stealth
   546 | D        | Killed a human
   570 | D        | Noticed a shadow
   572 | D        | Killed a shadow
   572 | D        | Reached ** piety under Dithmenos
   572 | D        | Reached skill level 5 in Spellcasting
   572 | D        | Reached skill level 5 in Hexes
   572 | D        | Reached XP level 8. HP: 46/46 MP: 14/16
   807 | D        | Noticed a two-headed ogre
   845 | D        | Noticed a two-headed ogre
   845 | D        | Noticed Erolcha
   847 | D        | Killed Erolcha
   847 | D        | Reached skill level 14 in Stealth
   847 | D        | Reached XP level 9. HP: 18/51 MP: 1/20
   848 | D        | Killed a two-headed ogre
   848 | D        | Reached *** piety under Dithmenos
   850 | D        | Reached skill level 15 in Stealth
   857 | D        | Killed a two-headed ogre
   858 | D        | HP: 2/52 [redback (6)]
   932 | D        | Killed a yaktaur
   992 | D        | Reached **** piety under Dithmenos
  1181 | D        | Noticed Joseph
  1182 | D        | Noticed Harold
  1182 | D        | Slain by Joseph

Skill      XL: |  1  2  3  4  5  6  7  8  9 |
---------------+----------------------------+-----
Fighting       | 1 2 3 4 6 7 8 |  8.5
Short Blades   | 3 5 6 8 12 13 14 | 14.9
Stealth        | 5 6 8 9 12 13 14 15 | 15.5
Spellcasting   | 5 6 8 |  8.2
Hexes          | 5 7 8 |  8.4
Dodging        | |  3.0

Action                   |  1- 3 |  4- 6 |  7- 9 || total
-------------------------+-------+-------+-------++-------
Melee: Dagger            |     5 |    28 |    18 ||    51
 Cast: Confuse           |       |     7 |    10 ||    17
       Ensorcelled Hiber |       |     2 |    11 ||    13
Invok: Shadow Step       |       |       |     1 ||     1
Evoke: Wand              |       |       |     3 ||     3
  Use: Potion            |       |     1 |       ||     1
 Stab: Sleeping          |     5 |     1 |    10 ||    16
       Confused          |       |     3 |     3 ||     6
       Distracted        |       |       |     1 ||     1
Armor: Robe              |       |     1 |     1 ||     2
Dodge: Dodged            |       |     5 |    24 ||    29
